 Dungeon Crawl Stone Soup version 0.20.1-1-g8b1a95d (webtiles) character file.

78 Monsterracer the Cudgeler (level 4, 0/30 HPs)
             Began as a Gargoyle Chaos Knight on July 19, 2017.
             Slain by Crazy Yiuf
             ... wielding a +2 quarterstaff of chaos
              (1 damage)
             ... on level 2 of the Dungeon.
             The game lasted 00:02:55 (1375 turns).

Monsterracer the Cudgeler (Gargoyle Chaos Knight)   Turns: 1375, Time: 00:02:55

Health: 0/30       AC:  8    Str: 14 (15) XL:     4   Next: 36%
Magic:  4/4        EV: 11    Int: 12 (13) God:    Xom [...*..]
Gold:   80         SH:  0    Dex:  7 (10) Spells: 3/3 levels left

rFire    . . .     SeeInvis .   a - +0 mace (chaos)
rCold    . . .     Gourm    +   (no shield)
rNeg     + . .     Faith    .   k - +2 leather armour
rPois    ∞         Spirit   .   (no helmet)
rElec    +         Reflect  .   (no cloak)
rCorr    .         Harm     .   (no gloves)
MR       .....                  (no boots)
Stlth    +.........             j - amulet of the gourmand
Regen    0.1/turn               (no ring)
MPRegen  0.1/turn               (no ring)

@: no status effects
A: negative energy resistance 1, robust 1, electricity resistance, unbreathing,
petrification resistance, rot immunity, MP-powered wands, AC +3
a: Renounce Religion


You were on level 2 of the Dungeon.
You worshipped Xom.
You were a favourite toy of Xom.
You were not hungry.

You visited 1 branch of the dungeon, and saw 2 of its levels.

You collected 80 gold pieces.

Inventory:

Hand Weapons
 a - a +0 mace of chaos (weapon)
 b - a +0 whip
Armour
 k - a +2 leather armour (worn)
Jewellery
 j - an amulet of the gourmand (around neck)
Scrolls
 f - a scroll of magic mapping {unknown}
 g - a scroll of enchant weapon {unknown}
 i - a scroll of amnesia {unknown}
 n - 3 scrolls of teleportation {unknown}
 o - 2 scrolls of fog {unknown}
 p - 2 scrolls of remove curse {unknown}
Comestibles
 c - 3 bread rations
 d - 3 royal jellies
 h - a meat ration
 l - a fruit


   Skills:
 - Level 3.2 Fighting
 + Level 5.0 Maces & Flails
 - Level 2.1 Armour
 - Level 0.7 Dodging


You had 3 spell levels left.
You didn't know any spells.

Dungeon Overview and Level Annotations

Branches:
Dungeon (2/15)

Altars:

Annotations:
D:2 Crazy Yiuf


Innate Abilities, Weirdness & Mutations

You are resistant to torment.
Your stone body is resilient. (AC +3)
You are immune to poison.
You resist negative energy. (rN+)
You are resistant to electric shocks. (rElec)
You can survive without breathing.
You are immune to petrification.
You are immune to rotting.
You are robust. (+10% HP)
You expend magic power (3 MP) to strengthen your wands.


Message History

Huge Dmg: -44%(-13hp) hp: 30%(9hp)
You hit Crazy Yiuf.
You feel better.
Crazy Yiuf is heavily wounded.
Crazy Yiuf hits you with a quarterstaff of chaos.
* * * LOW HITPOINT WARNING * * *
Crazy Yiuf freezes you.
* * * LOW HITPOINT WARNING * * *
Huge Dmg: -16%(-5hp) hp: 14%(4hp)
You aren't carrying any potions.
You hear Xom's maniacal laughter.
Xom watches you with interest.
You see here a potion of degeneration.
Unknown command.
Crazy Yiuf says, "Rifle agre senile!"
You barely miss Crazy Yiuf.
Crazy Yiuf is heavily wounded.
Crazy Yiuf hits you with a quarterstaff of chaos.
* * * LOW HITPOINT WARNING * * *
You emit a cloud of colourful smoke!
Crazy Yiuf freezes you.
You die...

#..#########.# ########
#..#.....#.#.#
.......#####..#.#.....#.#
................>.....#.#
##.###..####.##..#.####.#
#...##.## #............#
#.#.##..# #####...######
####.###.# #.§§.....#
.....# #.# #§@#.....#
###..###.### #§g#...###
..#.......<# ###....#
###.####..## #'..+# ....#
##.## ♣....♣
#########..#### ♣...♣♣
#............# ♣♣.♣♣
#............# ♣.♣♣
#............# ♣♣.♣


You could see Crazy Yiuf.

Vanquished Creatures
  5 adders (D:2)
  An ooze (D:2)
  A worm (D:2)
  A leopard gecko (D:2)
  3 bats
  6 goblins
  4 hobgoblins
  A frilled lizard (D:2)
  3 kobolds (D:2)
  2 rats (D:1)
27 creatures vanquished.

Notes
Turn   | Place    | Note
-------+----------+-------------------------------------------
     0 | D:1      | Monsterracer the Gargoyle Chaos Knight began the quest for the Orb.
     0 | D:1      | Reached XP level 1. HP: 14/14 MP: 1/1
    76 | D:1      | XOM: silly message
   227 | D:1      | XOM: harmless Fire miscast
   230 | D:1      | Reached XP level 2. HP: 18/19 MP: 2/2
   273 | D:1      | XOM: harmless Summ miscast
   595 | D:2      | Reached skill level 4 in Maces & Flails
   791 | D:2      | Reached XP level 3. HP: 19/23 MP: 3/3
  1211 | D:2      | Reached XP level 4. HP: 24/28 MP: 4/4
  1241 | D:2      | Reached skill level 5 in Maces & Flails
  1283 | D:2      | Found a runed door.
  1288 | D:2      | Gained mutation: You expend magic power (3 MP) to strengthen your wands. [potion of mutation]
  1288 | D:2      | Gained mutation: You are robust. (+10% HP) [potion of mutation]
  1356 | D:2      | Noticed Crazy Yiuf
  1364 | D:2      | XOM: medium Fire miscast
  1375 | D:2      | HP: 1/30 [Crazy Yiuf/quarterstaff of chaos (4)]
  1375 | D:2      | XOM: smoke on damage
  1375 | D:2      | Slain by Crazy Yiuf

Skill      XL: |  1  2  3  4 |
---------------+-------------+-----
Maces & Flails | 4 5 |  5.0
Fighting       | |  3.2
Armour         | |  2.1
Dodging        | |  0.7

Action                   |  1- 3 |  4- 6 || total
-------------------------+-------+-------++-------
Melee: Mace              |    92 |    16 ||   108
  Use: Potion            |       |     2 ||     2
 Stab: Petrifying        |     1 |       ||     1
  Eat: Chunk             |     2 |       ||     2
Armor: Leather armour    |    45 |     9 ||    54
Dodge: Dodged            |    57 |     6 ||    63
